 Dungeon Crawl Stone Soup version 0.28.0-53-g5a82cb258f (webtiles) character file.

Game seed: 2424695173924336850

37 Gabide the Skirmisher (level 3, -2/30 HPs)
             Began as a Mummy Berserker on June 20, 2022.
             Was a Follower of Trog.
             Slain by a gnoll
             ... wielding a +0 whip
              (4 damage)
             ... on level 1 of the Dungeon.
             The game lasted 00:02:40 (2130 turns).

Gabide the Skirmisher (Mummy Berserker)             Turns: 2130, Time: 00:02:40

Health: -2/30      AC:  2    Str: 22    XL:     3   Next: 23%
Magic:  3/3        EV: 12    Int:  6    God:    Trog [*.....]
Gold:   38         SH:  0    Dex: 11    Spells: 2/2 levels left

rFire   x . .      SeeInvis .     - Unarmed
rCold   + . .      Faith    .   (no shield)
rNeg    + + +      Spirit   .   a - +0 animal skin
rPois   ∞          Reflect  .   (no helmet)
rElec   .          Harm     .   (no cloak)
rCorr   .          Rampage  .   (no gloves)
Will    .....                   (no boots)
Stlth   +.........              (no amulet)
HPRegen 0.10/turn               (no ring)
MPRegen 0.08/turn               (no ring)

@: no status effects
A: cold resistance 1, negative energy resistance 3, torment resistance 2, heat
vulnerability 1, no potions
a: Renounce Religion


You were on level 1 of the Dungeon.
You worshipped Trog.
Trog was aware of your devotion.
You visited 1 branch of the dungeon, and saw 2 of its levels.

You collected 38 gold pieces.

Inventory:

Missiles
 b - 95 stones (quivered)
Armour
 a - a +0 animal skin (worn)
Scrolls
 c - 2 scrolls of identify {unknown}
 d - 2 scrolls of vulnerability
 e - a scroll of teleportation {unknown}
 f - a scroll of holy word {unknown}


   Skills:
 + Level 3.7 Fighting
 - Level 1.5 Armour
 - Level 1.5 Dodging
 + Level 3.1 Unarmed Combat


You had 2 spell levels left.
You didn't know any spells.
Your spell library was empty.

Dungeon Overview and Level Annotations

Branches:
Dungeon (2/15)

Altars:


Innate Abilities, Weirdness & Mutations

You are immune to poison.
Your flesh is cold resistant. (rC+)
You are immune to negative energy. (rN+++)
You are immune to unholy pain and torment.
You are vulnerable to heat. (rF-)
You do not drink.


Message History

The gnoll is heavily wounded.
The gnoll hits you with a +0 whip.
You closely miss the gnoll.
The gnoll is heavily wounded.
The gnoll hits you with a +0 whip.
You are too injured to fight recklessly!
You are too injured to fight recklessly!
You are too injured to fight recklessly!
You are too injured to fight recklessly!
You are too injured to fight recklessly!
You are too injured to fight recklessly!
You are too injured to fight recklessly!
You are too injured to fight recklessly!
You are too injured to fight recklessly!
You are too injured to fight recklessly!
You are too injured to fight recklessly!
You are too injured to fight recklessly!
You are too injured to fight recklessly!
You are too injured to fight recklessly!
You are too injured to fight recklessly!
You are too injured to fight recklessly!
You are too injured to fight recklessly!
You are too injured to fight recklessly!
You are too injured to fight recklessly!
You are too injured to fight recklessly!
You are too injured to fight recklessly!
You hit the gnoll.
The gnoll is severely wounded.
The gnoll hits you with a +0 whip.
You hit the gnoll.
The gnoll is almost dead.
The gnoll barely misses you.
You hit the gnoll but do no damage.
The gnoll is almost dead.
The gnoll hits you with a +0 whip!
* * * LOW HITPOINT WARNING * * *
You closely miss the gnoll.
The gnoll is almost dead.
The gnoll hits you with a +0 whip.
You die...

#.#########.#.# #.#..#....####
#.# #.#.# #.#........... #.#
#.#.# #.#.....#.#### #.# #.#.#
#.#..####.#### #.# #.#.#
#.#..##....... #.# #.#.#
#.#..##.....## #.# #.#.#
#.#..##'''''## #.#######
#.#.######.#..#.'''''.. #.......#
#.....@g...####.''_''.#
#######.#####.#...........'''''..
...#..........#.#########.'''''.#
...#....#...#...........#.......#
#############.#.#.#####.#######.#
..............#.#.# #.# #.#
###.........###.### #.# #.#
............# #.# #.# #.#
.#..........# #.# #.# #.#


You could see a gnoll.

Vanquished Creatures
  An adder (D:2)
  A dart slug (D:1)
  6 ball pythons (D:1)
  4 endoplasms
  A giant cockroach (D:1)
  2 goblins
  4 hobgoblins
  4 bats
  A frilled lizard (D:1)
  A rat (D:1)
25 creatures vanquished.

Vanquished Creatures (others)
  2 plants (D:2)
2 creatures vanquished.

Grand Total: 27 creatures vanquished

Notes
Turn   | Place    | Note
-------+----------+-------------------------------------------
     0 | D:1      | Gabide the Mummy Berserker began the quest for the Orb.
     0 | D:1      | Reached XP level 1. HP: 18/18 MP: 1/1
   316 | D:1      | Found a faded altar of an unknown god.
   563 | D:1      | Reached XP level 2. HP: 23/24 MP: 2/2
  1942 | D:2      | Reached XP level 3. HP: 20/30 MP: 3/3
  2130 | D:1      | Slain by a gnoll

Illustrated notes

Levels and vault maps discovered:
D:1:      dpeg_arrival_rooms_a, layout_basic,
          hellmonk_ecumenical_altar_heavens_door, lemuel_another_geyser
D:2:      layout_loops_cross, serial_bayou_pond_d, uniq_robin, uniq_jessica

Skill      XL: |  1  2 |
---------------+-------+-----
Unarmed Combat | 3 |  3.1
Fighting       | |  3.7
Armour         | |  1.5
Dodging        | |  1.5

Action                   || total
-------------------------++-------
Melee: Unarmed           ||   133
       Punch             ||     2
Throw: Stone             ||     3
  Use: Scroll            ||     1
 Stab: Sleeping          ||     2
Armor: Animal skin       ||    19
Dodge: Dodged            ||    89
